 Dungeon Crawl Stone Soup version 0.29-a0-371-g91724d5b39 (webtiles) character file.

Game seed: 8861929553701061021

10882 Hubjo the Thaumaturge (level 11, -1/57 HPs)
             Began as a Deep Elf Fire Elementalist on May 2, 2022.
             Was an Elder of Hepliaklqana.
             Slain by a tyrant leech (25 damage)
             ... on level 2 of the Lair of Beasts.
             The game lasted 00:32:53 (12896 turns).

Hubjo the Thaumaturge (Deep Elf Fire Elementalist) Turns: 12896, Time: 00:32:54

Health: -1/57      AC:  9    Str:  7    XL:     11   Next: 42%
Magic:  0/25       EV: 17    Int: 23    God:    Hepliaklqana [****..]
Gold:   573        SH:  0    Dex: 17    Spells: 15/32 levels left

rFire   . . .      SeeInvis .   J - +5 long sword (freeze)
rCold   + . .      Faith    .   (no shield)
rNeg    . . .      Spirit   +   M - +2 robe {rC+}
rPois   .          Reflect  .   (helmet restricted)
rElec   +          Harm     .   x - scarf {+Inv}
rCorr   .          Rampage  .   E - +2 pair of gloves
Will    +....                   D - +1 pair of boots
Stlth   +++++.....              c - amulet of guardian spirit
HPRegen 0.19/turn               w - ring of wizardry
MPRegen 0.19/turn               G - +4 ring of evasion

@: no status effects
A: reduced essence, antennae 1, talons 1, low MP 1, electricity resistance,
strong 1
a: Renounce Religion, Evoke Invisibility, Recall Ancestor, Ancestor Identity,
Transference, Idealise


You were on level 2 of the Lair of Beasts.
You worshipped Hepliaklqana.
Hepliaklqana was greatly pleased with you.
You visited 2 branches of the dungeon, and saw 10 of its levels.
You also visited: Ossuary.

You collected 573 gold pieces.

Inventory:

Hand Weapons
 f - a +0 dagger
 l - a +1 dagger of venom
 q - a +3 vorpal scythe
 r - a +3 quarterstaff of venom
 z - a +2 flail of distortion
 J - a +5 long sword of freezing (weapon)
 Q - a +0 mace
 R - a +4 vorpal war axe
Armour
 a - a +0 robe
 n - a +0 leather armour of fire resistance
 x - a scarf of invisibility (worn)
 D - a +1 pair of boots (worn)
 E - a +2 pair of gloves (worn)
 M - a +2 robe of cold resistance (worn)
 P - +0 swamp dragon scales
Jewellery
 c - an amulet of guardian spirit (around neck)
 w - a ring of wizardry (left hand)
 y - a +6 ring of strength
 C - an amulet of reflection
 G - a +4 ring of evasion (right hand)
 K - a ring of protection from fire
 S - a ring of resist corrosion
Wands
 m - a wand of paralysis (16)
 L - a wand of acid (12)
 O - a wand of iceblast (9)
 T - a wand of flame (11)
 U - a wand of polymorph (1)
Scrolls
 e - 2 scrolls of noise
 i - 2 scrolls of fog
 k - a scroll of magic mapping
 o - 3 scrolls of vulnerability
 s - a scroll of enchant armour
 u - 2 scrolls of blinking
 v - 2 scrolls of summoning
 A - a scroll of holy word
 F - 2 scrolls of enchant weapon
 I - 3 scrolls of amnesia
 N - 3 scrolls of identify
 V - a scroll of immolation
Potions
 b - a potion of magic
 d - 4 potions of might
 g - 8 potions of curing
 h - 2 potions of flight
 j - a potion of brilliance
 p - 2 potions of berserk rage
 B - 2 potions of heal wounds
 H - a potion of haste


   Skills:
 - Level 6.0 Fighting
 + Level 3.6 Long Blades
 - Level 1.4(2.2) Polearms
 - Level 3.3(3.6) Staves
 - Level 2.4 Dodging
 + Level 10.9 Stealth
 + Level 11.1 Spellcasting
 - Level 1.1 Conjurations
 - Level 9.9 Fire Magic
 * Level 6.4 Ice Magic


You had 15 spell levels left.
You knew the following spells:

 Your Spells              Type           Power      Damage    Failure   Level
a - Foxfire               Conj/Fire      100%       2x1d9     1%          1
b - Flame Wave            Conj/Fire      38%        2d9       2%          4
c - Ozocubu's Refrigerat  Ice            21%        4d9       71%         7
d - Ensorcelled Hibernat  Hex/Ice        54%        N/A       1%          2
e - Ozocubu's Armour      Ice            42%        N/A       1%          3

Your spell library contained the following spells:

 Spells                   Type           Power      Damage    Failure   Level
 Sting                    Tmut/Pois      48%        1d5       1%          1
 Summon Small Mammal      Summ           48%        N/A       1%          1
 Scorch                   Fire           100%       2d10      1%          2
 Conjure Flame            Conj/Fire      38%        6-21      1%          3
 Inner Flame              Hex/Fire       35%        N/A       1%          3
 Passwall                 Tmut/Erth      10%        N/A       3%          2
 Poisonous Vapours        Pois/Air       24%        N/A       3%          2
 Call Canine Familiar     Summ           12%        N/A       6%          3
 Gell's Gravitas          Tloc           12%        N/A       6%          3
 Lesser Beckoning         Tloc           12%        N/A       6%          3
 Summon Guardian Golem    Hex/Summ       12%        N/A       6%          3
 Swiftness                Air            12%        N/A       6%          3
 Teleport Other           Tloc           12%        N/A       6%          3
 Tukima's Dance           Hex            12%        N/A       6%          3
 Fulminant Prism          Conj/Hex       7%         3d7       16%         4
 Iskenderun's Mystic Bla  Conj/Tloc      15%        2d5       16%         4
 Olgreb's Toxic Radiance  Pois           12%        N/A       21%         4
 Passage of Golubria      Tloc           12%        N/A       21%         4
 Lee's Rapid Deconstruct  Erth           6%         3d7*      45%         5
 Yara's Violent Unravell  Hex/Tmut       6%         3d5       45%         5


Dungeon Overview and Level Annotations

Branches:
Dungeon (8/15)             Temple (0/1) D:6            Lair (2/6) D:8
Ossuary (visited)
  Swamp: Lair:2-4    Shoals: Lair:2-4     Snake: Lair:2-4    Spider: Lair:2-4

Altars:
Hepliaklqana
Kikubaaqudgha
Nemelex Xobeh
Qazlal
Uskayaw
Yredelemnul
Zin
The Shining One

Shops:
D:2 *


Innate Abilities, Weirdness & Mutations

Your life essence is reduced to manifest your ancestor. (-10% HP)
You have a pair of small antennae on your head.
You have sharp toenails.
Your magical capacity is low. (-10% MP)
You are resistant to electric shocks. (rElec)
Your muscles are strong. (Str +2)


Message History

The tyrant leech is heavily wounded.
The foxfire hits the tyrant leech.
The tyrant leech is heavily wounded.
The tyrant leech closely misses you.
Your foxfire dissipates!
The foxfire hits the tyrant leech.
The tyrant leech is severely wounded.
Hubquo closely misses the tyrant leech.
The tyrant leech bites you!!
The tyrant leech draws strength from your injuries!
Hubquo closely misses the tyrant leech.
You barely miss the tyrant leech.
The tyrant leech is moderately wounded.
The tyrant leech bites you but does no damage.
Hubquo barely misses the tyrant leech.
You completely miss the tyrant leech.
The tyrant leech is moderately wounded.
Hubquo hits the tyrant leech with a +0 flail.
The tyrant leech bites you but does no damage.
You hit the tyrant leech. You freeze the tyrant leech.
The tyrant leech is moderately wounded.
Hubquo hits the tyrant leech with a +0 flail!
The tyrant leech bites you!!
The tyrant leech draws strength from your injuries!
Hubquo hits the tyrant leech with a +0 flail.
You feel much better. The tyrant leech bites you!!
The tyrant leech draws strength from your injuries!
Hubquo misses the tyrant leech.
You are too injured to fight recklessly!
Casting: Foxfire (safe; 1% risk of failure)
Confirm with . or Enter, or press ? or * to list all spells.
Casting: Flame Wave (dangerous; 2% risk of failure)
Press: ? - help, Dir - look around, f - activate A wave of flame ripples out!
The flame wave engulfs the tyrant leech!
The tyrant leech is lightly wounded. (Press . to intensify the flame waves.) Hubquo completely misses the tyrant leech.
The tyrant leech bites you!!
You die...

... #....# .....#
##.....######.... ..
...........#P...##....P
#....#.....#.....#....
#P..........#....#...#
#.....#....##........#
#......@wR..#........#
##...##....†....##.#.#
#. ###.......#.#..# {
#............###
........>.........
#.#.####P####...##
###.. ### #R##### ###
###


You could see the friendly Hubquo the knight and a tyrant leech (ally target).

Vanquished Creatures
  Gastronok (D:8)
  Pikel (D:8)
  4 cane toads (Lair:1)
  Maggie (D:8)
  2 komodo dragons
  3 blink frogs (Lair:2)
  2 yaks
  A basilisk (Lair:1)
  A swamp worm (Lair:2)
  6 water moccasins
  An ice beast (D:8)
  3 lemures (D:8)
  A centaur (D:7)
  2 phantoms
  A necrophage (D:6)
  3 bullfrogs (Lair:1)
  4 scorpions
  3 howler monkeys
  2 orc priests (D:8)
  3 hounds
  Crazy Yiuf (D:2)
  Terence (D:3)
  3 orc wizards
  A mummy (Ossuary)
  3 gnolls (D:6)
  4 adders
  An adder zombie (Ossuary)
  A worm (D:2)
  2 dart slugs
  12 orcs
  8 bats
  4 endoplasms
  3 giant cockroaches
  11 goblins
  3 hobgoblins
  9 kobolds
  5 ball pythons
  4 frilled lizards
  A hobgoblin zombie (Ossuary)
  A kobold zombie (Ossuary)
  An orc zombie (Ossuary)
  8 rats
  A rat zombie (D:5)
133 creatures vanquished.

Vanquished Creatures (collateral kills)
  A two-headed ogre (D:7)
  Maurice (D:8)
  3 komodo dragons
  A polar bear (Lair:1)
  A blink frog (Lair:2)
  Sigmund (D:2)
  4 yaks
  A basilisk (Lair:1)
  A steam dragon (D:7)
  2 water moccasins
  2 ogres (D:6)
  A centaur (D:5)
  3 phantoms
  Blork the orc (D:6)
  A scorpion (D:4)
  2 water moccasin zombies (Ossuary)
  3 wights (D:8)
  2 gnoll shamans (D:6)
  4 iguanas
  An orc wizard (D:5)
  A mummy (Ossuary)
  4 gnolls (D:6)
  3 adders
  3 adder zombies (Ossuary)
  A dart slug (D:2)
  4 orcs
  2 endoplasms (D:2)
  A hobgoblin (D:4)
  2 ball pythons
  A frilled lizard (D:1)
  9 gnoll zombies (Ossuary)
  A goblin zombie (D:5)
  2 hobgoblin zombies (Ossuary)
  A kobold zombie (Ossuary)
  4 orc zombies (Ossuary)
  22 foxfires
97 creatures vanquished.

Vanquished Creatures (others)
  2 knights (D:8)
  3 ancestors
  1079 foxfires
  14 plants
1098 creatures vanquished.

Grand Total: 1328 creatures vanquished

Notes
Turn   | Place    | Note
-------+----------+-------------------------------------------
     0 | D:1      | Hubjo the Deep Elf Fire Elementalist began the quest for
                  | the Orb.
     0 | D:1      | Reached XP level 1. HP: 10/10 MP: 6/6
   435 | D:1      | Reached XP level 2. HP: 16/16 MP: 4/8
   770 | D:1      | Found a faded altar of an unknown god.
   781 | D:1      | Prayed at the altar of an unknown god.
   781 | D:1      | Became a worshipper of Hepliaklqana the Forgotten
   781 | D:1      | Reached * piety under Hepliaklqana
   792 | D:1      | Reached skill level 1 in Fighting
  1885 | D:2      | Reached XP level 3. HP: 18/18 MP: 6/9
  2058 | D:2      | Found a runed translucent door.
  2059 | D:2      | Noticed Crazy Yiuf
  2376 | D:2      | Found Hitekheq's Assorted Antiques.
  2379 | D:2      | Noticed Sigmund
  2386 | D:2      | Killed Sigmund
  2387 | D:2      | Reached skill level 4 in Spellcasting
  2387 | D:2      | Reached XP level 4. HP: 24/24 MP: 3/12
  2387 | D:2      | Reached XP level 5. HP: 27/27 MP: 3/13
  3088 | D:2      | Killed Crazy Yiuf
  3160 | D:3      | Reached XP level 6. HP: 31/32 MP: 5/14
  3455 | D:3      | Reached ** piety under Hepliaklqana
  3456 | D:3      | Remembered your ancestor Hubquo as a knight
  3561 | D:3      | Noticed Terence
  3566 | D:3      | Killed Terence
  3807 | D:3      | Reached skill level 5 in Fire Magic
  3857 | D:3      | Learned a level 4 spell: Flame Wave
  4027 | D:4      | Reached skill level 5 in Spellcasting
  4869 | D:5      | Entered Level 5 of the Dungeon
  4925 | D:5      | Reached XP level 7. HP: 36/36 MP: 10/17
  5083 | D:5      | Reached skill level 5 in Stealth
  5452 | D:5      | Found a sand-covered staircase.
  5467 | Ossuary  | Entered an ossuary
  5676 | Ossuary  | Reached skill level 6 in Spellcasting
  6103 | D:5      | Reached XP level 8. HP: 43/43 MP: 13/19
  7027 | D:6      | Found a staircase to the Ecumenical Temple.
  7096 | D:6      | Found a hide-covered altar of Uskayaw.
  7101 | D:6      | Reached *** piety under Hepliaklqana
  7140 | D:6      | Reached skill level 7 in Spellcasting
  7243 | D:6      | Found a basalt altar of Yredelemnul.
  7418 | D:6      | Noticed Blork the orc
  7432 | D:6      | Killed Blork the orc
  7459 | D:6      | Gained mutation: Your body sometimes deteriorates upon
                  | taking damage. [potion of mutation]
  7459 | D:6      | Gained mutation: You do not regenerate when monsters are
                  | visible. [potion of mutation]
  7459 | D:6      | Gained mutation: You have a pair of small antennae on your
                  | head. [potion of mutation]
  7459 | D:6      | Gained mutation: You are resistant to electric shocks.
                  | (rElec) [potion of mutation]
  7710 | D:7      | Found a sparkling altar of Nemelex Xobeh.
  7715 | D:7      | Reached XP level 9. HP: 46/46 MP: 17/22
  7861 | D:7      | Found a glowing silver altar of Zin.
  8089 | D:7      | Found a stormy altar of Qazlal.
  8207 | D:7      | Noticed a two-headed ogre
  8223 | D:7      | Killed a two-headed ogre
  8224 | D:7      | Reached skill level 5 in Fighting
  8224 | D:7      | Reached skill level 1 in Polearms
  8224 | D:7      | Reached skill level 8 in Spellcasting
  8884 | D:8      | Reached skill level 1 in Staves
  9076 | D:8      | Noticed Maggie
  9101 | D:8      | Killed Maggie
  9162 | D:8      | Found a glowing golden altar of the Shining One.
  9162 | D:8      | Found an ancient bone altar of Kikubaaqudgha.
  9357 | D:8      | Noticed Maurice
  9363 | D:8      | Reached skill level 9 in Spellcasting
  9363 | D:8      | Reached XP level 10. HP: 28/54 MP: 13/25
  9681 | D:8      | Noticed Pikel
  9696 | D:8      | Killed Pikel
  9805 | D:8      | Noticed Gastronok
  9819 | D:8      | Killed Gastronok
  9829 | D:8      | Learned a level 7 spell: Ozocubu's Refrigeration
  9953 | D:8      | Reached **** piety under Hepliaklqana
 10102 | D:8      | Killed Maurice
 10103 | D:8      | Reached skill level 1 in Ice Magic
 10108 | D:8      | Lost mutation: Your body sometimes deteriorates upon taking
                  | damage. [potion of mutation]
 10108 | D:8      | Lost mutation: You do not regenerate when monsters are
                  | visible. [potion of mutation]
 10108 | D:8      | Gained mutation: Your magical capacity is low. (-10% MP)
                  | [potion of mutation]
 10108 | D:8      | Gained mutation: You have sharp toenails. [potion of
                  | mutation]
 10108 | D:8      | Gained mutation: Your muscles are strong. (Str +2) [potion
                  | of mutation]
 10208 | D:8      | Found a staircase to the Lair.
 10238 | D:8      | Reached skill level 1 in Long Blades
 10720 | Lair:1   | Entered Level 1 of the Lair of Beasts
 10765 | Lair:1   | Learned a level 2 spell: Ensorcelled Hibernation
 10769 | Lair:1   | Learned a level 3 spell: Ozocubu's Armour
 10863 | Lair:1   | Noticed a cane toad
 10871 | Lair:1   | Reached skill level 10 in Spellcasting
 10873 | Lair:1   | Killed a cane toad
 10888 | Lair:1   | Noticed a cane toad
 10899 | Lair:1   | Killed a cane toad
 10900 | Lair:1   | Reached skill level 10 in Stealth
 11261 | Lair:1   | Reached XP level 11. HP: 47/57 MP: 13/24
 11455 | Lair:1   | Reached skill level 5 in Ice Magic
 12488 | Lair:2   | Noticed a four-headed hydra
 12787 | Lair:2   | Reached skill level 11 in Spellcasting
 12896 | Lair:2   | Slain by a tyrant leech

Illustrated notes

Levels and vault maps discovered:
D:1:      lightli_arrival_statue_moat, layout_basic, basic_ecumenical_altar,
          minmay_box_of_dots
D:2:      layout_rooms, serial_shops, shop_fountains, uniq_crazy_yiuf_cottage,
          uniq_sigmund
D:3:      layout_rooms, uniq_terence
D:4:      minmay_evil_eye, layout_basic
D:5:      layout_gridville, enter_ossuary_4, minmay_misc_feat_chi,
          dk_rats_in_the_wall
D:6:      layout_rooms, lemuel_round_altar, nicolae_overflow_crystal_walls,
          minmay_temple_entry_slanted, uniq_blork_the_orc
D:7:      statuecave_lemuel, layout_gridville, grunt_qazlal_clouds,
          old_standard_altar, nemelex_xobeh_ov_fountains_minmay,
          minmay_misc_feat_rugged
D:8:      layout_basic, jmf_multi_god_temple, david_lair_shrubbed,
          kennysheep_crisscross, uniq_maggie, uniq_gastronok, uniq_pikel,
          uniq_maurice
Lair:1:   layout_gridlike, guppyfry_lair_drakes
Lair:2:   layout_regular_city, palyth_hydra_swamp_entry, eino_house_with_fridge

Skill      XL: |  1  2  3  4  5  6  7  8  9 10 11 |
---------------+----------------------------------+-----
Fighting       | 1 2 3 4 5 6 |  6.0
Stealth        | 4 5 7 8 10 | 10.9
Spellcasting   | 4 5 6 7 9 10 11 | 11.1
Fire Magic     | 4 5 6 8 9 |  9.9
Polearms       | 1 |  1.4
Staves         | 2 3 |  3.3
Ice Magic      | 4 6 |  6.4
Long Blades    | 2 3 |  3.6
Dodging        | |  2.4
Conjurations   | |  1.1

Action                   |  1- 3 |  4- 6 |  7- 9 | 10-12 || total
-------------------------+-------+-------+-------+-------++-------
Melee: Dagger            |     3 |       |       |       ||     3
       Scythe            |       |     5 |    36 |       ||    41
       Quarterstaff      |       |       |     5 |       ||     5
       Long sword        |       |       |     4 |    17 ||    21
       Punch             |       |       |       |     1 ||     1
 Cast: Foxfire           |   134 |   139 |   229 |   200 ||   702
       Flame Wave        |       |       |     1 |     6 ||     7
Invok: Ancestor Identity |     1 |       |       |       ||     1
       Ancestor Life: Kn |       |     1 |       |       ||     1
       Recall Ancestor   |       |       |       |     1 ||     1
  Use: Scroll            |     3 |     7 |     8 |     1 ||    19
       Potion            |       |       |    11 |     9 ||    20
 Stab: Sleeping          |       |     1 |     1 |     1 ||     3
Armor: Robe              |     1 |       |    21 |    23 ||    45
       Leather armour    |       |     2 |       |       ||     2
Dodge: Dodged            |    15 |     9 |    74 |    57 ||   155

Table legend: (Time is in decaauts)
 A = Elapsed time spent in this place.
 B = Non-inter-level travel time spent in this place.
 C = Inter-level travel time spent in this place.
 D = Time resting spent in this place.
 E = Time spent auto-exploring this place.
 F = Levels seen in this place.
 G = Mean time per level.
                   A        B        C        D        E       F      G
               +--------+--------+--------+--------+--------+-----+--------+
         Total |  12935 |  12446 |    489 |    246 |  10111 |  11 | 1175.9 |
       Dungeon |  10368 |  10003 |    365 |    246 |   8258 |   8 | 1296.0 |
          Lair |   2180 |   2057 |    123 |      0 |   1615 |   2 | 1090.0 |
       Ossuary |    386 |    386 |      0 |      0 |    238 |   1 |  386.0 |
               +--------+--------+--------+--------+--------+-----+--------+

Top non-repeatable levels by time:
     D:8: 1895 daAuts
     D:1: 1881 daAuts
  Lair:1: 1769 daAuts
     D:5: 1685 daAuts
     D:2: 1271 daAuts
     D:7: 1126 daAuts
     D:4: 994 daAuts
     D:6: 789 daAuts
     D:3: 725 daAuts
  Lair:2: 410 daAuts
 Ossuary: 386 daAuts
